 Dungeon Crawl Stone Soup version 0.28.0-53-g5a82cb258f (webtiles) character file.

Game seed: 14270889414932486427

42 Eitelfritz the Skirmisher (level 3, 0/33 HPs)
             Began as a Hill Orc Fighter on July 19, 2022.
             Slain by a gnoll
             ... wielding a +0 halberd
              (8 damage)
             ... on level 2 of the Dungeon.
             The game lasted 00:01:55 (1629 turns).

Eitelfritz the Skirmisher (Hill Orc Fighter)        Turns: 1629, Time: 00:01:56

Health: 0/33       AC:  9    Str: 20    XL:     3   Next: 54%
Magic:  3/3        EV:  7    Int:  8    God:
Gold:   14         SH:  4    Dex: 10    Spells: 2/2 levels left

rFire   . . .      SeeInvis .   a - +0 war axe
rCold   . . .      Faith    .   c - +0 buckler
rNeg    . . .      Spirit   .   e - +0 chain mail
rPois   .          Reflect  .   (no helmet)
rElec   .          Harm     .   (no cloak)
rCorr   .          Rampage  .   (no gloves)
Will    .....                   (no boots)
Stlth   ..........              (no amulet)
HPRegen 0.11/turn               (no ring)
MPRegen 0.08/turn               (no ring)

@: no status effects
A: no striking features
a: no special abilities


You were on level 2 of the Dungeon.
You visited 1 branch of the dungeon, and saw 2 of its levels.

You collected 38 gold pieces.
You spent 24 gold pieces at shops.

Inventory:

Hand Weapons
 a - a +0 war axe (weapon)
 n - the +0 mace of Embarrassment {freeze, MP+9 Str+4}
   (You found it on level 2 of the Dungeon)

   It freezes those it strikes, dealing additional cold damage.
   It can also slow down cold-blooded creatures.
   Str:       It affects your strength (+4).
   MP:        It affects your magic capacity (+9).
Missiles
 o - 9 sling bullets
Armour
 c - a +0 buckler (worn)
 e - a +0 chain mail (worn)
 h - an orb of light
Jewellery
 j - a ring of protection from cold
Scrolls
 g - a scroll of teleportation {unknown}
 i - a scroll of identify {unknown}
 k - a scroll of immolation {unknown}
 m - a scroll of fog {unknown}
Potions
 b - 2 potions of mutation {unknown}
 d - a potion of might
 f - a potion of lignification {unknown}
 l - a potion of heal wounds {unknown}


   Skills:
 + Level 4.1 Fighting
 + Level 3.1 Axes
 + Level 4.0 Armour
 + Level 3.7 Shields


You had 2 spell levels left.
You didn't know any spells.
Your spell library contained the following spells:

 Spells                   Type           Power      Damage    Failure   Level
 Magic Dart               Conj           0%         1d3       99%         1
 Call Imp                 Summ           0%         N/A       100%        2
 Mephitic Cloud           Conj/Pois/Air  0%         N/A       100%        3
 Leda's Liquefaction      Hex/Erth       0%         N/A       100%        4
 Lee's Rapid Deconstruct  Erth           0%         3d5*      100%        5
 Statue Form              Tmut/Erth      0%         N/A       100%        6


Dungeon Overview and Level Annotations

Branches:
Dungeon (2/15)

Altars:

Shops:
D:1 *


Message History

The gnoll barely misses you.
The gnoll hits you from afar with a +0 spear.
You slash the gnoll!
You kill the gnoll!
The gnoll hits you but does no damage.
Your Axes skill increases to level 3!
You have reached level 3!
Your experience leads to an increase in your attributes!
Increase (S)trength, (I)ntelligence, or (D)exterity?
You feel stronger. x2
The gnoll hits you with a +0 spear.
Things that are here:
a +0 club; a gnoll corpse You slash the gnoll!
The gnoll is almost dead.
The gnoll hits you but does no damage.
You barely miss the gnoll.
The gnoll is severely wounded.
The gnoll hits you but does no damage. x2
You slash the gnoll!
You kill the gnoll!
Your Armour skill increases to level 4!
Things that are here:
a +0 spear; a gnoll corpse
Things that are here:
a +0 spear; a gnoll corpse A gnoll comes into view.
It is wielding a +0 halberd.
The gnoll shouts!
Things that are here:
a +0 spear; a gnoll corpse
Things that are here:
a +0 club; a gnoll corpse You block the gnoll's attack.
You hit the gnoll but do no damage. You block the gnoll's attack. x2
You barely miss the gnoll. The gnoll hits you with a +0 halberd!
You barely miss the gnoll.
The gnoll hits you with a +0 halberd. x2
You hit the gnoll but do no damage. The gnoll hits you with a +0 halberd!
* * * LOW HITPOINT WARNING * * *
You closely miss the gnoll. The gnoll hits you with a +0 halberd!
You die...

############
....#..........#
....#..........#
....#..........#
....#..........#
#....#..........##
.....#...........#
.....####...##+#.#
†....# #.#.# #@#
##+### #.#... #g#
...######.######)#
##......#.# #)#
.......##.######.#
###...###.#....#.#
.##.......#.##.#.#
.#####.####.#..#....#
.#####......#.#######


You could see a gnoll.

Vanquished Creatures
  2 gnolls (D:2)
  A worm (D:2)
  A giant cockroach (D:1)
  2 goblins (D:1)
  A hobgoblin (D:1)
  2 quokkas (D:1)
  4 ball pythons (D:1)
  A bat (D:1)
  A frilled lizard (D:1)
  3 kobolds (D:1)
  2 rats
20 creatures vanquished.

Notes
Turn   | Place    | Note
-------+----------+-------------------------------------------
     0 | D:1      | Eitelfritz the Hill Orc Fighter began the quest for the
                  | Orb.
     0 | D:1      | Reached XP level 1. HP: 19/19 MP: 1/1
   453 | D:1      | Reached XP level 2. HP: 27/27 MP: 2/2
   601 | D:1      | Found Sabioh's Assorted Antiques.
   607 | D:1      | Bought a scroll labelled EFOLESELAN for 24 gold pieces
  1215 | D:2      | Identified the +0 mace of Embarrassment {freeze, MP+9
                  | Str+4}
  1442 | D:2      | Reached XP level 3. HP: 18/33 MP: 3/3
  1629 | D:2      | Slain by a gnoll

Illustrated notes

Levels and vault maps discovered:
D:1:      dpeg_arrival_three_bigger_balls, layout_loops_corners, serial_shops,
          shop, minivault_27
D:2:      layout_basic, hellmonk_ecumenical_altar_arch_garden,
          serial_bayou_pond_c, eino_tiny_chamber, corexii_corridor_pit

Skill      XL: |  1  2  3 |
---------------+----------+-----
Fighting       | 4 |  4.1
Axes           | 3 |  3.1
Armour         | 4 |  4.0
Shields        | |  3.7

Action                   || total
-------------------------++-------
Melee: War axe           ||    77
Armor: Chain mail        ||    49
Dodge: Dodged            ||    20
Block: Buckler           ||    25
